 Dungeon Crawl Stone Soup version 0.31-a0-1068-g5939ac1fb6 (webtiles) character file.

Game seed: 12092910674930857267

76 kae the Firebug (level 4, -6/25 HPs)
             Began as a Deep Elf Fire Elementalist on Nov 23, 2023.
             Mangled by Jessica
             ... wielding a +0 club
              (7 damage)
             ... on level 3 of the Dungeon.
             The game lasted 00:01:29 (2471 turns).

kae the Firebug (Deep Elf Fire Elementalist)        Turns: 2471, Time: 00:01:30

Health: -6/25      AC:  2    Str:  5    XL:     4   Next: 12%
Magic:  3/11       EV: 12    Int: 22    God:
Gold:   124        SH:  4    Dex: 15    Spells: 4/10 levels left

rFire   . . .        l - +2 dagger (holy)
rCold   . . .        i - +0 buckler
rNeg    . . .        a - +0 robe
rPois   .            (no helmet)
rElec   .            (no cloak)
rCorr   .            (no gloves)
SInv    .            (no boots)
Will    .....        (no amulet)
Stlth   ++           (no ring)
HPRegen 0.24/turn    (no ring)
MPRegen 0.12/turn

%: no passive effects
@: no status effects
A: no striking features
a: no special abilities


You were on level 3 of the Dungeon.
You visited 1 branch of the dungeon, and saw 3 of its levels.

You collected 124 gold pieces.


   Skills:
 + Level 1.0 Fighting
 + Level 3.0 Dodging
 - Level 2.4 Stealth
 + Level 0.1 Shields
 + Level 3.5 Spellcasting
 + Level 2.0 Conjurations
 + Level 0.4 Hexes
 * Level 4.1 Fire Magic


You had 4 spell levels left.
You knew the following spells:

 Your Spells              Type           Power      Damage    Failure   Level
a - Foxfire               Conj/Fire      68%        2x1d7     6%          1
b - Scorch                Fire           44%        2d6       6%          2
c - Inner Flame           Hex/Fire       14%        N/A       26%         3

Your spell library contained the following spells:

 Spells                   Type           Power      Damage    Failure   Level
 Slow                     Hex            20%        N/A       19%         1
 Volatile Blastmotes      Fire/Tloc      26%        2d12      28%         3
 Confusing Touch          Hex            5%         N/A       47%         3
 Sigil of Binding         Hex            5%         N/A       47%         3
 Flame Wave               Conj/Fire      17%        2d7       52%         4
 Vampiric Draining        Necr           3%         2d6       54%         3

Inventory:

Hand Weapons
 c - a +0 dagger of chaos
   (You took it off a kobold on level 1 of the Dungeon)
 l - a +2 dagger of holy wrath (weapon)
   (You took it off a kobold on level 2 of the Dungeon)
Missiles
 f - 9 stones
 j - 2 atropa-tipped darts
Armour
 a - a +0 robe (worn)
 i - a +0 buckler (worn)
   (You found it on level 1 of the Dungeon)
Wands
 e - a wand of polymorph (6)
   (You found it on level 3 of the Dungeon)
Scrolls
 p - a scroll of teleportation {unknown}
Potions
 b - a potion of magic
 d - 2 potions of ambrosia
 g - a potion of resistance {unknown}
 h - a potion of might {unknown}
 k - 2 potions of heal wounds {unknown}
 m - a potion of curing {unknown}
 n - a potion of enlightenment {unknown}
 o - a potion of haste {unknown}

Dungeon Overview and Level Annotations

Branches:
Dungeon (3/15) Zot: 15529

Altars:

Portals:
Abyss: D:3

Annotations:
D:3 2 transporters, Jessica; asdu's ghost, amateur MeRe

..#..###.<.......
..#..##...โ€ ...#####
..#..##.#.#..##...##
..#..#..#....#.....#
..#..#.####..#....:#
..#....# #..#..... #
.....### #..##... ..#
.....#######..##v##....#
....>...........@@.ยง...#
.....##....###.ยงv......#
.....##....# #.........#
.....##....# #.........#
.....##....# #.........#
.)...##....# #.........#
.....++....+ +.........#
.....##....# #.........#
.....##....# ########+


You could see Jessica (fast, ally target).


Message History

The foxfire hits the frilled lizard!
You kill the frilled lizard! ๐Ÿ˜Ž MP[-1]
You lost 1 mp, and now have 10/11 mp.
You now have 124 gold pieces (gained 10).
You open the door.
Jessica and a quokka come into view.
Jessica is wielding a +0 club and wearing a +2 robe of willpower. ๐Ÿ˜Ž MP[+1]
Your mp is fully restored (11).
Casting: Foxfire (safe; 6% risk of failure)
Confirm with . or Enter, or press ? or * to list all spells.
You conjure some foxfire! ๐Ÿ˜Ž MP[-1]
You lost 1 mp, and now have 10/11 mp.
Casting: Foxfire (safe; 6% risk of failure)
Confirm with . or Enter, or press ? or * to list all spells.
You conjure some foxfire!
The foxfire hits Jessica but does no damage.
Jessica shouts!
The foxfire hits Jessica but does no damage.
Jessica mumbles some strange words.
Jessica blinks!
The foxfire hits Jessica.
The foxfire hits Jessica but does no damage. ๐Ÿ˜Ž MP[-1]
You lost 1 mp, and now have 9/11 mp.
Casting: Foxfire (safe; 6% risk of failure)
Confirm with . or Enter, or press ? or * to list all spells.
You miscast Foxfire.
You are very lightly contaminated with residual magic.
Nothing appears to happen.
Jessica hits you with a +0 club. ๐Ÿ˜• HP[-5] MP[-1]
You take 5 damage, and now have 20/25 hp.
You lost 1 mp, and now have 8/11 mp.
Casting: Foxfire (safe; 6% risk of failure)
Confirm with . or Enter, or press ? or * to list all spells.
You conjure some foxfire!
Jessica closely misses you.
The foxfire hits Jessica.
The foxfire hits Jessica but does no damage.
Jessica hits you with a +0 club. ๐Ÿ˜ฎ HP[-6] MP[-1]
You take 6 damage, and now have 14/25 hp.
MASSIVE DAMAGE!! (PAUSE)
You lost 1 mp, and now have 7/11 mp.
Casting: Foxfire (safe; 6% risk of failure)
Confirm with . or Enter, or press ? or * to list all spells.
You conjure some foxfire!
Jessica hits you with a +0 club.
* * * LOW HITPOINT WARNING * * *
The foxfire hits Jessica but does no damage.
The foxfire hits Jessica.
Jessica casts a spell.
Jessica blinks! ๐Ÿ˜จ HP[-2]
You take 2 damage, and now have 12/25 hp.
Casting: Foxfire (safe; 6% risk of failure)
Confirm with . or Enter, or press ? or * to list all spells.
You conjure some foxfire!
The foxfire hits the quokka but does no damage.
Jessica casts a spell.
Jessica seems to speed up.
The foxfire hits the quokka but does no damage.
Your magical contamination has completely faded away. ๐Ÿ˜จ MP[-1]
You lost 1 mp, and now have 6/11 mp.
Unknown command.
Casting: Foxfire (safe; 6% risk of failure)
Confirm with . or Enter, or press ? or * to list all spells.
You conjure some foxfire!
The quokka bites you.
* * * LOW HITPOINT WARNING * * *
Jessica casts a spell at you.
You barely resist. The quokka bites you.
* * * LOW HITPOINT WARNING * * *
The foxfire hits the quokka. x2; The quokka bites you.
* * * LOW HITPOINT WARNING * * *
Unknown command. ๐Ÿ˜จ HP[-5] MP[-1]
You take 5 damage, and now have 7/25 hp.
You lost 1 mp, and now have 5/11 mp.
Casting: Foxfire (safe; 6% risk of failure)
Confirm with . or Enter, or press ? or * to list all spells.
You conjure some foxfire!
Jessica gestures at you while chanting. Pain shoots through your body!
* * * LOW HITPOINT WARNING * * *
The quokka closely misses you.
Jessica casts a spell.
Jessica blinks!
The foxfire hits the quokka.
You kill the quokka!
The foxfire hits Jessica.
Your Conjurations skill increases to level 2! ๐Ÿ˜ฑ HP[-6] MP[-1]
You take 6 damage, and now have 1/25 hp.
MASSIVE DAMAGE!! (PAUSE)
You lost 1 mp, and now have 4/11 mp.
Casting: Foxfire (safe; 6% risk of failure)
Confirm with . or Enter, or press ? or * to list all spells.
You conjure some foxfire!
Jessica hits you with a +0 club!
You die...

Skill      XL: |  1  2  3  4 |
---------------+-------------+-----
Fire Magic     | 4 |  4.1
Fighting       | 1 |  1.0
Dodging        | 3 |  3.0
Conjurations   | 2 |  2.0
Stealth        | |  2.4
Shields        | |  0.1
Spellcasting   | |  3.5
Hexes          | |  0.4

Action                     |  1- 3 |  4- 6 || total
---------------------------+-------+-------++-------
  Melee: Dagger            |     2 |       ||     2
         Unarmed           |     2 |       ||     2
   Cast: Foxfire           |    72 |    20 ||    92
         Scorch            |     8 |       ||     8
    Use: Scroll            |     4 |     1 ||     5
 Armour: Robe              |    13 |     9 ||    22
  Dodge: Dodged            |    17 |     2 ||    19
  Block: Buckler           |     3 |       ||     3

Levels and vault maps discovered:
D:1:      sevenhm_arrival_forest_fort_small_3, layout_basic,
          dilly_ecumenical_altar_fadedgnrine, minmay_bisected
D:2:      layout_basic
D:3:      layout_basic, kennysheep_ying_yang, grunt_dithmenos_smoke_and_mirrors,
          gammafunk_ghost_abyssal_escape, dk_noncrumbling_4, kennysheep_path_1,
          kennysheep_jessica_study, uniq_crazy_yiuf_cottage, uniq_grinder,
          uniq_sigmund

Notes
Turn   | Place    | Note
-------+----------+-------------------------------------------
     0 | D:1      | kae the Deep Elf Fire Elementalist began the quest for the
                  | Orb.
     0 | D:1      | Reached XP level 1. HP: 10/10 MP: 6/6
     0 | D:1      | magus.rc [v1.11.3]
   190 | D:1      | Reached XP level 2. HP: 15/15 MP: 4/8
   255 | D:1      | Learned a level 2 spell: Scorch
   748 | D:1      | Reached XP level 3. HP: 20/20 MP: 5/9
   820 | D:1      | Found a faded altar of an unknown god.
   998 | D:1      | You pick up a book of Debilitation and begin reading...
   998 | D:1      | You add the spells Slow, Sigil of Binding, Vampiric
                  | Draining and Confusing Touch to your library.
  1086 | D:1      | Learned a level 3 spell: Inner Flame
  1359 | D:2      | Reached skill level 4 in Fire Magic
  1493 | D:2      | Reached skill level 1 in Fighting
  2161 | D:2      | Reached skill level 3 in Dodging
  2161 | D:2      | Reached XP level 4. HP: 25/25 MP: 6/11
  2337 | D:3      | Noticed a small abomination
  2378 | D:3      | Found a transporter.
  2380 | D:3      | Found a one-way gate to the infinite horrors of the Abyss.
  2380 | D:3      | Noticed a small abomination
  2380 | D:3      | Noticed asdu's ghost (amateur MeRe)
  2389 | D:3      | Found a transporter.
  2393 | D:3      | Noticed a kobold brigand
  2455 | D:3      | Noticed Jessica
  2469 | D:3      | HP: 1/25 [Jessica/nerve-wracking pain (6)]
  2471 | D:3      | Reached skill level 2 in Conjurations
  2471 | D:3      | Mangled by Jessica

Vanquished Creatures
  2 adders (D:2)
  A dart slug (D:2)
  4 ball pythons (D:1)
  3 endoplasms
  2 giant cockroaches
  3 goblins
  5 hobgoblins
  2 jackals (D:2)
  7 quokkas
  4 bats (D:1)
  4 frilled lizards
  9 kobolds
  2 rats (D:1)
48 creatures vanquished.

Vanquished Creatures (others)
  150 foxfires
150 creatures vanquished.

Grand Total: 198 creatures vanquished

Table legend:
 A = Non-vault XP
 B = Vault XP
 C = Vault XP percentage of total XP
 D = Non-vault monster count
 E = Vault monster count
 F = Vault count percentage of total count
                 A         B        C        D         E       F
            +---------+---------+-------+---------+---------+-------
      Total |     103 |       6 |   5.5 |      44 |       4 |   8.3
            +---------+---------+-------+---------+---------+-------
        D:1 |      50 |       4 |   7.4 |      28 |       3 |   9.7
        D:2 |      45 |       0 |   0.0 |      11 |       0 |   0.0
        D:3 |       8 |       2 |  20.0 |       5 |       1 |  16.7
            +---------+---------+-------+---------+---------+-------

Skill      XL: |  1  2  3  4 |
---------------+-------------+-----
Fire Magic     | 4 |  4.1
Fighting       | 1 |  1.0
Dodging        | 3 |  3.0
Conjurations   | 2 |  2.0
Stealth        | |  2.4
Shields        | |  0.1
Spellcasting   | |  3.5
Hexes          | |  0.4

Action                     |  1- 3 |  4- 6 || total
---------------------------+-------+-------++-------
  Melee: Dagger            |     2 |       ||     2
         Unarmed           |     2 |       ||     2
   Cast: Foxfire           |    72 |    20 ||    92
         Scorch            |     8 |       ||     8
    Use: Scroll            |     4 |     1 ||     5
 Armour: Robe              |    13 |     9 ||    22
  Dodge: Dodged            |    17 |     2 ||    19
  Block: Buckler           |     3 |       ||     3

Illustrated notes

Table legend:
 A = Kills in this place as a percentage of kills in the entire game.
 B = Kills by you in this place as a percentage of kills by you in the entire game.
 C = Kills by friends in this place as a percentage of kills by friends in the entire game.
 D = Other kills in this place as a percentage of other kills in the entire game.
 E = Experience gained in this place as a percentage of experience gained in the entire game.
 F = Experience gained in this place divided by the number of levels of this place that you have seen.
                   A       B       C       D       E      F
               +-------+-------+-------+-------+-------+----------------------
         Total | 100.0 | 100.0 |   N/A |   N/A | 100.0 |  36.3
       Dungeon | 100.0 | 100.0 |   N/A |   N/A | 100.0 |  36.3
               +-------+-------+-------+-------+-------+----------------------

Table legend: (Time is in decaauts)
 A = Elapsed time spent in this place.
 B = Non-inter-level travel time spent in this place.
 C = Inter-level travel time spent in this place.
 D = Time resting spent in this place.
 E = Time spent auto-exploring this place.
 F = Levels seen in this place.
 G = Mean time per level.
                   A        B        C        D        E       F      G
               +--------+--------+--------+--------+--------+-----+--------+
         Total |   2469 |   2413 |     56 |     46 |   2039 |   3 |  823.0 |
       Dungeon |   2469 |   2413 |     56 |     46 |   2039 |   3 |  823.0 |
               +--------+--------+--------+--------+--------+-----+--------+

Top non-repeatable levels by time:
     D:1: 1349 daAuts
     D:2: 921 daAuts
     D:3: 198 daAuts
